 Dungeon Crawl Stone Soup version 0.18-a0-1414-gcd7f35e (webtiles) character file.

50 OkrshikAutist the Skirmisher (level 3, 0/34 HPs)
             Began as a Draconian Hunter on Feb 26, 2016.
             Succumbed to an adder's poison
             ... on level 2 of the Dungeon.
             The game lasted 00:02:12 (879 turns).

OkrshikAutist the Skirmisher (Draconian Hunter)      Turns: 879, Time: 00:02:12

Health: 0/34       AC:  5    Str: 14    XL:     3   Next: 55%
Magic:  3/3        EV: 12    Int: 11    God:
Gold:   21         SH:  0    Dex: 12    Spells: 0 memorised, 2 levels left

rFire  . . .     SeeInvis .     b - +0 short sword
rCold  . . .     Gourm    .     (armour unavailable)
rNeg   . . .     Faith    .     (no shield)
rPois  .         Spirit   .     (helmet restricted)
rElec  .         Dismiss  .     (no cloak)
rCorr  .         Reflect  .     (no gloves)
SustAt .         Harm     .     (no boots)
MR     .....                    (no amulet)
Stlth  +.........               (no ring)
                                (no ring)

@: lethally poisoned (0 -> -8), flying, not resistant to hostile enchantments,
very unstealthy
A: unfitting armour, cold-blooded, AC +5
a: no special abilities


You were on level 2 of the Dungeon.
You were not hungry.

You visited 1 branch of the dungeon, and saw 2 of its levels.

You collected 21 gold pieces.

Inventory:

Hand Weapons
 a - a +1 hand crossbow
 b - a +0 short sword (weapon)
Missiles
 c - 18 bolts
Scrolls
 e - a scroll of enchant weapon {unknown}
 h - 3 scrolls of noise {unknown}
 i - 5 scrolls of remove curse {unknown}
 k - a scroll of amnesia {unknown}
Comestibles
 d - 2 bread rations
 f - 6 chunks of flesh
 g - 2 beef jerkies


   Skills:
 + Level 4.3 Fighting
 - Level 3.6 Crossbows
 - Level 1.7 Dodging
 - Level 0.8 Stealth


You had 2 spell levels left.
You didn't know any spells.

Dungeon Overview and Level Annotations

Branches:
Dungeon (2/15)

Altars:


Innate Abilities, Weirdness & Mutations

Your plain brown scales are hard (AC +5).
Your body does not fit into most forms of armour.
You are cold-blooded and may be slowed by cold attacks.


Message History

You feel sick. The giant cockroach barely misses you. The adder misses you.
You hit the adder but do no damage.
The adder is heavily wounded.
You feel sick. The adder bites you. The giant cockroach barely misses you.
The adder barely misses you. The giant cockroach closely misses you.
You hit the adder.
Your tail-slap misses the adder.
The adder is almost dead.
You feel sick. The adder bites you. The giant cockroach barely misses you.
Drink which item? (? for menu, Esc to quit)
It was a potion of flight.
You feel very buoyant.
You fly up into the air.
You feel sick. The adder bites you but does no damage.
The giant cockroach closely misses you.
You closely miss the adder.
Your tail-slap misses the adder.
The adder is almost dead.
You feel sick. The adder closely misses you. The giant cockroach misses you.
The adder bites you but does no damage.
You barely miss the adder.
The adder is almost dead.
You die...

#......># ##⌠⌠⌠⌠⌠
#.......###⌠⌠⌠⌠⌠⌠
#.......##⌠⌠⌠⌠⌠⌠⌠
######....#..##⌠⌠⌠⌠⌠⌠⌠
##...#.........#⌠⌠⌠⌠⌠⌠⌠
##.....[.....##.).......
#..%.....!......'.......
#............#..#⌠⌠⌠⌠⌠⌠⌠
#.....S@........#⌠⌠⌠⌠⌠⌠⌠
##.....s......#.#⌠⌠⌠⌠⌠⌠⌠
##...........#(##⌠⌠⌠⌠⌠⌠
####.##..#<##..##⌠⌠⌠⌠⌠
#. #..#.##...##⌠⌠⌠⌠ #.
...#.###.. ##⌠⌠⌠ #. ##.#
##⌠⌠ #. .# #..### #....


You could see an adder and a giant cockroach.

Vanquished Creatures
  An adder (D:1)
  2 dart slugs
  2 giant geckos (D:1)
  2 giant cockroaches (D:1)
  3 goblins
  2 hobgoblins (D:2)
  2 jackals (D:1)
  A ball python (D:2)
  8 bats
  5 giant newts (D:1)
  2 kobolds (D:2)
  8 rats
38 creatures vanquished.

Notes
Turn   | Place    | Note
--------------------------------------------------------------
     0 | D:1      | OkrshikAutist the Draconian Hunter began the quest for the Orb.
     0 | D:1      | Reached XP level 1. HP: 17/17 MP: 1/1
   165 | D:1      | Reached skill level 3 in Fighting
   165 | D:1      | Reached XP level 2. HP: 20/26 MP: 2/2
   635 | D:1      | Reached skill level 4 in Fighting
   635 | D:1      | Reached XP level 3. HP: 29/33 MP: 3/3
   694 | D:2      | Found a faded altar to an unknown god.
   878 | D:2      | HP: 1/34 [poisoned by an adder]
   879 | D:2      | Succumbed to an adder's poison

Vault maps used:
D:1:      dpeg_arrival_tiny_h
D:2:      kennysheep_big_flooded_room, first_bread, ecumenical_altar_1,
          serial_park_tiny_pond

Skill      XL: |  1  2 |
---------------+-------+-----
Fighting       | 3 4 |  4.3
Crossbows      | |  3.6
Dodging        | |  1.7
Stealth        | |  0.8

Action                   || total
-------------------------++-------
Melee: Short sword       ||   140
 Fire: Hand crossbow     ||     9
  Use: Potion            ||     1
 Stab: Sleeping          ||     3
